 Dungeon Crawl Stone Soup version 0.20.0-15-g7f486f2 (webtiles) character file.

119 kuniqs the Shield-Bearer (level 5, -1/33 HPs)
             Began as a Gargoyle Fighter on June 9, 2017.
             Killed from afar by Sigmund (8 damage)
             ... with a puff of flame
             ... on level 2 of the Dungeon.
             The game lasted 00:01:30 (1051 turns).

kuniqs the Shield-Bearer (Gargoyle Fighter)         Turns: 1051, Time: 00:01:31

Health: -1/33      AC: 11    Str: 24    XL:     5   Next: 3%
Magic:  5/5        EV:  8    Int:  9    God:
Gold:   88         SH: 10    Dex: 10    Spells: 4/4 levels left

rFire    . . .     SeeInvis .   e - +3 whip
rCold    . . .     Gourm    .   c - +0 shield
rNeg     + . .     Faith    .   b - +0 scale mail
rPois    ∞         Spirit   .   (no helmet)
rElec    +         Reflect  .   (no cloak)
rCorr    .         Harm     .   (no gloves)
MR       .....                  (no boots)
Stlth    ..........             (no amulet)
Regen    0.2/turn               (no ring)
MPRegen  0.1/turn               (no ring)

@: mighty
A: negative energy resistance 1, electricity resistance, unbreathing,
petrification resistance, rot immunity, AC +4
a: no special abilities


You were on level 2 of the Dungeon.
You were hungry.

You visited 1 branch of the dungeon, and saw 2 of its levels.

You collected 88 gold pieces.

Inventory:

Hand Weapons
 e - a +3 whip (weapon)
Armour
 b - a +0 scale mail (worn)
 c - a +0 shield (worn)
Jewellery
 o - a +3 ring of evasion {unknown}
Scrolls
 a - a scroll of enchant armour {unknown}
 j - 2 scrolls of remove curse {unknown}
 k - a scroll of recharging {unknown}
 l - 2 scrolls of magic mapping {unknown}
 n - a scroll of identify {unknown}
Potions
 g - 2 potions of mutation {unknown}
 i - a potion of curing {unknown}
 m - a potion of lignification {unknown}
 q - a potion of heal wounds {unknown}
Comestibles
 d - a bread ration
 h - a royal jelly
 p - 3 chunks of flesh


   Skills:
 + Level 4.0 Fighting
 + Level 2.6 Maces & Flails
 + Level 3.8 Armour
 + Level 1.5 Dodging
 + Level 4.1 Shields


You had 4 spell levels left.
You didn't know any spells.

Dungeon Overview and Level Annotations

Branches:
Dungeon (2/15)

Altars:

Annotations:
D:2 Natasha, Sigmund


Innate Abilities, Weirdness & Mutations

You are resistant to torment.
Your stone body is resilient. (AC +4)
You are immune to poison.
You resist negative energy. (rN+)
You are resistant to electric shocks. (rElec)
You can survive without breathing.
You are immune to petrification.
You are immune to rotting.


Message History

You closely miss something. Something hits you.
You bump into the rock wall.
Natasha, Servant of Life and Death comes into view.
You bump into the rock wall.
Natasha hisses angrily.
Something hits you.
You barely miss something. Something hits you but does no damage.
You closely miss something.
You bump into the rock wall.
Something hits you but does no damage.
Natasha extends her claws.
You bump into the rock wall.
Something hits you.
* * * LOW HITPOINT WARNING * * *
You bump into the rock wall.
You feel less confused.
You completely miss something. Something hits you but does no damage.
You completely miss something.
You hear some strange, mumbled words.
A puff of flame appears from out of thin air!
The puff of flame hits you!
You die...

############### ##........
...#
.>......!#####.############
.........##................
........h{@.##.############
...####..#####.# #..# #.#
#.{# #.# #.<# #># #..# #.#
######### #..# #.#
#........ .... #.######.
##..# #......


You could see Natasha.

Vanquished Creatures
  Jessica (D:2)
  Natasha (D:2)
  3 adders (D:2)
  An ooze (D:1)
  A dart slug (D:1)
  A ball python (D:1)
  7 bats
  A giant cockroach (D:1)
  8 goblins
  3 hobgoblins
  A quokka (D:2)
  A frilled lizard (D:1)
  6 kobolds (D:1)
  3 rats
38 creatures vanquished.

Notes
Turn   | Place    | Note
-------+----------+-------------------------------------------
     0 | D:1      | kuniqs the Gargoyle Fighter began the quest for the Orb.
     0 | D:1      | Reached XP level 1. HP: 14/14 MP: 1/1
   295 | D:1      | Reached XP level 2. HP: 19/19 MP: 2/2
   442 | D:1      | Reached XP level 3. HP: 20/23 MP: 3/3
   788 | D:2      | Noticed Sigmund
   862 | D:2      | Reached skill level 1 in Dodging
   873 | D:2      | Noticed Jessica
   886 | D:2      | Killed Jessica
   886 | D:2      | Reached XP level 4. HP: 27/29 MP: 4/4
  1013 | D:2      | Noticed Natasha
  1026 | D:2      | Killed Natasha
  1026 | D:2      | Reached XP level 5. HP: 30/33 MP: 5/5
  1044 | D:2      | Noticed Natasha
  1051 | D:2      | Killed from afar by Sigmund

Skill      XL: |  1  2  3  4 |
---------------+-------------+-----
Dodging        | 1 |  1.5
Shields        | 4 |  4.1
Fighting       | 4 |  4.0
Maces & Flails | |  2.6
Armour         | |  3.8

Action                   |  1- 3 |  4- 6 || total
-------------------------+-------+-------++-------
Melee: Flail             |    20 |       ||    20
       Whip              |    71 |    25 ||    96
  Use: Potion            |       |     1 ||     1
Armor: Scale mail        |    53 |    14 ||    67
Dodge: Dodged            |    23 |     6 ||    29
Block: Shield            |    47 |     7 ||    54
